 Dungeon Crawl Stone Soup version 0.31-a0-177-g4aa6249778 (webtiles) character file.

Game seed: 16936080318741444195

659 qw the Chopper (level 7, -6/43 HPs)
             Began as a Gargoyle Fighter on June 17, 2023.
             Mangled by an ogre
             ... wielding a +0 giant club
              (18 damage)
             ... on level 4 of the Dungeon.
             The game lasted 00:01:49 (2602 turns).

qw the Chopper (Gargoyle Fighter)                   Turns: 2602, Time: 00:01:50

Health: -6/43      AC: 16    Str: 22    XL:     7   Next: 55%
Magic:  7/7        EV:  8    Int:  8    God:
Gold:   160        SH:  4    Dex:  9    Spells: 6/6 levels left

rFire   + . .        h - +0 war axe (vamp)
rCold   . . .        c - +0 buckler
rNeg    + . .        l - +0 chain mail
rPois   inf          k - +1 helmet
rElec   +            (no cloak)
rCorr   .            (no gloves)
SInv    +            (no boots)
Will    .....        u - amulet of regeneration Stlth
                     g - ring of see invisible
HPRegen 1.07/turn    s - ring of protection from fire
MPRegen 0.10/turn

%: no passive effects
@: no status effects
A: sickness immunity, AC +4, negative energy resistance 1, electricity
resistance, torment resistance 1, petrification resistance
a: no special abilities


You were on level 4 of the Dungeon.
You visited 1 branch of the dungeon, and saw 4 of its levels.

You collected 160 gold pieces.


Innate Abilities, Weirdness & Mutations

You are immune to sickness and miasma.
Your stone body is resilient. (AC +4)
You are immune to poison.
You resist negative energy. (rN+)
You are resistant to electric shocks. (rElec)
You are resistant to unholy torment.
You are immune to petrification.


   Skills:
 - Level 4.2 Fighting
 + Level 6.6 Axes
 - Level 3.2 Armour
 - Level 2.2 Dodging
 - Level 3.2 Shields


You had 6 spell levels left.
You didn't know any spells.
Your spell library was empty.

Inventory:

Hand Weapons
 e - a +2 flail of holy wrath
 h - a +0 vampiric war axe (weapon)
 n - a +0 hand axe
Missiles
 v - a boomerang (quivered)
Armour
 c - a +0 buckler (worn)
 i - a +0 cloak
 k - a +1 helmet (worn)
 l - a +0 chain mail (worn)
 m - a +0 pair of boots
Jewellery
 b - a ring of positive energy
 g - a ring of see invisible (left hand)
 s - a ring of protection from fire (right hand)
 u - an amulet of regeneration (around neck)
Scrolls
 a - 2 scrolls of identify
 o - a scroll of teleportation
Potions
 d - a potion of might
 f - 3 potions of brilliance {unknown}
 j - a potion of resistance {unknown}
 t - a potion of heal wounds

Dungeon Overview and Level Annotations

Branches:
Dungeon (4/15)
 Temple: D:4-7

Altars:
Ashenzari
Fedhas
Gozag
Kikubaaqudgha
Zin


Message History

Enter note:
Enter note:
Enter note:
Enter note:
Enter note:
Enter note:
Enter note:
Enter note: An ogre comes into view. It is wielding a +0 giant club.
The ogre shouts!
Enter note:
Enter note:
Enter note:
Enter note:
Enter note:
Enter note:
Enter note:
Enter note:
Enter note:
Enter note:
Enter note:
Enter note: You throw a boomerang.
The boomerang hits the ogre but does no damage.
You throw a boomerang.
The boomerang hits the ogre but does no damage.
You throw a boomerang. The boomerang hits the ogre!
The ogre is moderately wounded.
You throw a boomerang. The boomerang hits the ogre.
The ogre is moderately wounded.
You barely miss the ogre.
The ogre is moderately wounded.
The ogre hits you with a +0 giant club!!
You slash the ogre!
The ogre is almost dead.
The ogre hits you with a +0 giant club!
You barely miss the ogre.
The ogre is almost dead.
The ogre hits you with a +0 giant club!!
You die...

######¤.¤..¤.......
#..¤......##
........... ..........
.## ... ........ ###
#####..##....#
.....###......#..#...
......O@...# ...#.#
.......#..####......
.....###............
..........##....#..#
..#.....#.##...##
B#....
........###.....#
..#..#
##.....#......## ....#
#............###....#.
.....##.#......#.....h


You could see an ogre.

Vanquished Creatures
  Eustachio (D:4)
  A black bear (D:3)
  A scorpion (D:4)
  A jelly (D:4)
  A hound (D:4)
  Terence (D:2)
  An iguana (D:4)
  An orc wizard (D:4)
  3 adders
  12 gnolls
  A worm (D:2)
  A dart slug (D:2)
  11 orcs
  5 bats
  8 endoplasms
  A giant cockroach (D:4)
  8 goblins
  7 hobgoblins
  7 kobolds
  2 quokkas
  5 ball pythons
  5 frilled lizards
  3 rats (D:1)
87 creatures vanquished.

Notes
Turn   | Place    | Note
-------+----------+-------------------------------------------
     0 | D:1      | qw the Gargoyle Fighter began the quest for the Orb.
     0 | D:1      | Reached XP level 1. HP: 14/14 MP: 1/1
     0 | D:1      | 0 ||| qw: Version: 0.3-a-5-g6f28e65
     0 | D:1      | 0 ||| qw: Game counter: 509
     0 | D:1      | 0 ||| qw: Always use a shield: true
     0 | D:1      | 0 ||| qw: God list: Okawaru
     0 | D:1      | 0 ||| qw: Allow faded altars: false
     0 | D:1      | 0 ||| qw: Do Orc after D:15 true
     0 | D:1      | 0 ||| qw: Do second Lair branch before Depths: true
     0 | D:1      | 0 ||| qw: Lair rune preference: random
     0 | D:1      | 0 ||| qw: Plans: Normal, Zot:1-4, Slime:5, God:TSO, Crypt,
                  | Tomb, Abyss, Pan, Hells, Win
     0 | D:1      | 0 ||| PLANNING D:1-11
    31 | D:1      | 31 ||| Stepping ~*~*~tactically~*~*~ (stealth).
    37 | D:1      | Reached skill level 2 in Axes
    94 | D:1      | Reached XP level 2. HP: 19/19 MP: 2/2
   584 | D:1      | 584 ||| UPGRADING to +1 helmet.
   589 | D:1      | 589 ||| READING 3 scrolls labelled DUBBOR UXOUHIU.
   590 | D:1      | 590 ||| READING scroll labelled BOBLAI TEFUH.
   591 | D:1      | 591 ||| READING scroll labelled AQOT BISTA.
   594 | D:1      | 594 ||| READING 2 scrolls of identify.
   594 | D:1      | 594 ||| IDENTIFYING fizzy golden potion
   595 | D:1      | 595 ||| DROPPING potion of berserk rage.
   649 | D:2      | Reached skill level 3 in Axes
   679 | D:2      | Reached XP level 3. HP: 20/23 MP: 3/3
   681 | D:2      | 681 ||| Stepping ~*~*~tactically~*~*~ (hiding).
   691 | D:2      | Reached XP level 4. HP: 10/28 MP: 4/4
   700 | D:2      | 700 ||| FLEEEEING.
   701 | D:2      | 701 ||| FLEEEEING.
   702 | D:2      | 702 ||| FLEEEEING.
   865 | D:2      | 865 ||| Stepping ~*~*~tactically~*~*~ (hiding).
   866 | D:2      | 866 ||| Stepping ~*~*~tactically~*~*~ (hiding).
   894 | D:2      | Noticed Terence
   895 | D:2      | 895 ||| Stepping ~*~*~tactically~*~*~ (hiding).
   896 | D:2      | 896 ||| Stepping ~*~*~tactically~*~*~ (hiding).
   911 | D:2      | Reached skill level 4 in Axes
   914 | D:2      | Killed Terence
  1063 | D:2      | Identified the +7 whip of Greatest Utility {pain, *Noise
                  | rPois rN+}
  1077 | D:2      | Found a blossoming altar of Fedhas.
  1123 | D:2      | 1123 ||| Stepping ~*~*~tactically~*~*~ (stealth).
  1124 | D:2      | 1124 ||| Stepping ~*~*~tactically~*~*~ (stealth).
  1431 | D:2      | 1431 ||| UPGRADING to +0 chain mail.
  1441 | D:2      | 1441 ||| DROPPING +0 scale mail.
  1442 | D:2      | 1442 ||| UPGRADING to ring of see invisible.
  1443 | D:2      | 1443 ||| UPGRADING to ring of positive energy.
  1444 | D:2      | 1444 ||| READING scroll labelled INUUSO OFIARU.
  1465 | D:2      | 1465 ||| DRINKING 2 fizzy silvery potions.
  1466 | D:2      | 1466 ||| DROPPING potion of degeneration.
  1478 | D:3      | 1478 ||| Stepping ~*~*~tactically~*~*~ (stealth).
  1490 | D:3      | Reached XP level 5. HP: 25/32 MP: 5/5
  1522 | D:3      | 1522 ||| DROPPING +0 club.
  1541 | D:3      | Noticed a black bear
  1552 | D:3      | Killed a black bear
  1553 | D:3      | Reached skill level 5 in Axes
  1553 | D:3      | Reached XP level 6. HP: 37/37 MP: 6/6
  1579 | D:3      | 1579 ||| Stepping ~*~*~tactically~*~*~ (stealth).
  1777 | D:3      | 1777 ||| DROPPING +0 whip.
  1778 | D:3      | 1778 ||| DROPPING +7 whip of Greatest Utility {pain, *Noise
                  | rPois rN+}.
  1779 | D:3      | 1779 ||| DROPPING +2 whip of venom.
  1994 | D:3      | You fall into a shaft and drop 1 floor!
  1994 | D:4      | Found an opulent altar of Gozag.
  1994 | D:4      | Found a broken altar of Ashenzari.
  1994 | D:4      | Found a glowing silver altar of Zin.
  1995 | D:4      | Found an ancient bone altar of Kikubaaqudgha.
  2014 | D:4      | 2014 ||| UPGRADING to amulet of regeneration.
  2019 | D:4      | 2019 ||| UPGRADING to ring of protection from fire.
  2021 | D:4      | 2021 ||| READING scroll labelled WAP ERUNICOTTI.
  2022 | D:4      | 2022 ||| READING 3 scrolls labelled OLEASK APOPTO.
  2023 | D:4      | 2023 ||| READING 2 scrolls labelled QIPIAKK GEUV.
  2024 | D:4      | 2024 ||| READING scroll labelled KUOFAF ZURCH.
  2025 | D:4      | 2025 ||| DRINKING 2 coppery potions.
  2026 | D:4      | 2026 ||| READING 2 scrolls of identify.
  2026 | D:4      | 2026 ||| IDENTIFYING fizzy yellow potion
  2027 | D:4      | 2027 ||| DROPPING 2 scrolls of vulnerability.
  2028 | D:4      | 2028 ||| DROPPING scroll of blinking.
  2337 | D:4      | Reached skill level 6 in Axes
  2351 | D:4      | Noticed Eustachio
  2402 | D:4      | Killed Eustachio
  2403 | D:4      | Reached XP level 7. HP: 43/43 MP: 7/7
  2422 | D:4      | 2422 ||| Stepping ~*~*~tactically~*~*~ (stealth).
  2438 | D:4      | 2438 ||| Stepping ~*~*~tactically~*~*~ (stealth).
  2439 | D:4      | 2439 ||| Stepping ~*~*~tactically~*~*~ (stealth).
  2451 | D:4      | 2451 ||| Stepping ~*~*~tactically~*~*~ (stealth).
  2465 | D:4      | 2465 ||| Stepping ~*~*~tactically~*~*~ (hiding).
  2466 | D:4      | 2466 ||| Stepping ~*~*~tactically~*~*~ (hiding).
  2531 | D:4      | 2531 ||| Stepping ~*~*~tactically~*~*~ (stealth).
  2532 | D:4      | 2532 ||| Stepping ~*~*~tactically~*~*~ (stealth).
  2533 | D:4      | 2533 ||| Stepping ~*~*~tactically~*~*~ (stealth).
  2550 | D:4      | 2550 ||| DRINKING potion of curing.
  2550 | D:4      | 2550 ||| (to cure confusion)
  2558 | D:4      | 2558 ||| Stepping ~*~*~tactically~*~*~ (stealth).
  2570 | D:4      | 2570 ||| Stepping ~*~*~tactically~*~*~ (stealth).
  2572 | D:4      | 2572 ||| DROPPING +0 flail.
  2573 | D:4      | 2573 ||| Stepping ~*~*~tactically~*~*~ (stealth).
  2602 | D:4      | Mangled by an ogre

Levels and vault maps discovered:
D:1:      lemuel_arrival_broad_hall, layout_basic
D:2:      layout_loops_cross, basic_altar, uniq_terence
D:3:      layout_loops_ring, serial_aquarium, aquarium_bridge_square
          [aquarium_subvault_wall, aquarium_subvault_wall,
          aquarium_subvault_window, aquarium_subvault_bridge],
          aquarium_window_corridor_1, aquarium_window_1, aquarium_view_2d,
          aquarium_balcony_3a
D:4:      layout_cave_pools, chequers_temple_overflow_statue_of_worship,
          minmay_temple_entry_glass, serial_shops, nicolae_shop_drivethru,
          chequers_jeans, uniq_eustachio

Skill      XL: |  1  2  3  4  5  6 |
---------------+-------------------+-----
Axes           | 2 3 4 5 6 |  6.6
Fighting       | 4 |  4.2
Dodging        | 2 |  2.2
Armour         | |  3.2
Shields        | |  3.2

Action                     |  1- 3 |  4- 6 |  7- 9 || total
---------------------------+-------+-------+-------++-------
  Melee: War axe           |    69 |   186 |    47 ||   302
  Throw: Boomerang         |       |    35 |    22 ||    57
    Use: Scroll            |     4 |     6 |       ||    10
         Potion            |       |     2 |     1 ||     3
 Armour: Scale mail        |    33 |    22 |       ||    55
         Chain mail        |       |   107 |    29 ||   136
  Dodge: Dodged            |    37 |    98 |    14 ||   149
  Block: Buckler           |    15 |    37 |     9 ||    61

Table legend:
 A = Non-vault XP
 B = Vault XP
 C = Vault XP percentage of total XP
 D = Non-vault monster count
 E = Vault monster count
 F = Vault count percentage of total count
                 A         B        C        D         E       F
            +---------+---------+-------+---------+---------+-------
      Total |     715 |     227 |  24.1 |      85 |       2 |   2.3
            +---------+---------+-------+---------+---------+-------
        D:1 |      25 |       0 |   0.0 |      16 |       0 |   0.0
        D:2 |      92 |      36 |  28.1 |      22 |       1 |   4.3
        D:3 |     255 |       0 |   0.0 |      23 |       0 |   0.0
        D:4 |     343 |     191 |  35.8 |      24 |       1 |   4.0
            +---------+---------+-------+---------+---------+-------
